 Dungeon Crawl Stone Soup version 0.23.2-1-ga50397a (webtiles) character file.

Game seed: 1608871299314057949

126 diana the Skirmisher (level 4, -4/35 HPs)
             Began as a Demonspawn Gladiator on May 2, 2019.
             Slain by Sigmund
             ... wielding a +2 scythe of slicing
              (8 damage)
             ... on level 3 of the Dungeon.
             The game lasted 00:02:09 (1446 turns).

diana the Skirmisher (Demonspawn Gladiator)         Turns: 1446, Time: 00:02:09

Health: -4/35      AC:  9    Str: 16    XL:     4   Next: 84%
Magic:  4/4        EV: 13    Int:  9    God:
Gold:   130        SH:  5    Dex: 23    Spells: 3/3 levels left

rFire    . . .     SeeInvis .   a - +0 long sword
rCold    . . .     Gourm    .   (no shield)
rNeg     . . .     Faith    .   i - +0 chain mail
rPois    +         Spirit   .   c - +0 helmet
rElec    .         Reflect  +   (no cloak)
rCorr    .         Harm     .   (no gloves)
MR       .....                  (no boots)
Stlth    +.........             h - +5 amulet of reflection
HPRegen  0.11/turn              (no ring)
MPRegen  0.09/turn              (no ring)

@: agile
A: thin skeletal structure 2, sense surroundings 1, poison resistance
a: no special abilities


You were on level 3 of the Dungeon.
You were not hungry.

You visited 1 branch of the dungeon, and saw 3 of its levels.

You collected 130 gold pieces.

Inventory:

Hand Weapons
 a - a +0 long sword (weapon)
Missiles
 d - 3 throwing nets (quivered)
Armour
 c - a +0 helmet (worn)
 i - a +0 chain mail (worn)
 m - a +0 leather armour
Jewellery
 h - a +5 amulet of reflection (around neck)
Scrolls
 b - 3 scrolls of immolation {unknown}
 e - 5 scrolls of teleportation {unknown}
 g - 3 scrolls of remove curse {unknown}
 j - 3 scrolls of identify {unknown}
 k - 2 scrolls of fog {unknown}
 o - a scroll of blinking {unknown}
Potions
 l - a potion of lignification
Comestibles
 f - 4 rations


   Skills:
 * Level 3.5 Fighting
 + Level 3.3 Long Blades
 - Level 1.7 Throwing
 + Level 1.6 Armour
 + Level 3.2 Dodging


You had 3 spell levels left.
You didn't know any spells.
Your spell library was empty.

Dungeon Overview and Level Annotations

Branches:
Dungeon (3/15)

Altars:
Qazlal

Annotations:
D:3 Sigmund


Innate Abilities, Weirdness & Mutations

You have a moderately thin skeletal structure. (Dex +4, Stealth+)
You passively map a small area around you.
Your system is resistant to poisons. (rPois)


Message History

You miss something. Something hits you but does no damage.
You closely miss something. You block something's attack.
Your chain mail prevents you from hitting something.
You hit something but do no damage. Something hits you.
You completely miss something. Something hits you but does no damage.
You miss something. Something hits you!
You miss something. You barely miss something. Something hits you!
* * * LOW HITPOINT WARNING * * *
x2 You hit something.
Something hits you.
* * * LOW HITPOINT WARNING * * *
x2 You hit something.
Something hits you but does no damage.
You hit something. Something hits you but does no damage.
It was a potion of agility.
You feel agile all of a sudden.
It was a potion of mutation.
You feel extremely strange.
You feel resistant to poisons.
You feel a strange attunement to the structure of the dungeons.
Something hits you!
You die...

#.# #######.###
#.........#
#.#####.#.# #.#
#.#.#
.######.###......,
,,............#.#.##
.##.###.####....# *
, *, #@# *,....# *
.......{# * ....# ,
, ....##... , ..
..### * * * ,..# ...
* .... * * ♣.PPP* *
* * ,


There were no monsters in sight!

Vanquished Creatures
  An orc wizard (D:3)
  Robin (D:2)
  An adder (D:2)
  4 worms
  A dart slug (D:2)
  A leopard gecko (D:1)
  9 orcs (D:3)
  3 bats
  2 giant cockroaches
  16 goblins
  4 hobgoblins
  4 kobolds
  A quokka (D:2)
  4 frilled lizards
  7 rats
59 creatures vanquished.

Notes
Turn   | Place    | Note
-------+----------+-------------------------------------------
     0 | D:1      | diana the Demonspawn Gladiator began the quest for the Orb.
     0 | D:1      | Reached XP level 1. HP: 16/16 MP: 1/1
   205 | D:1      | Gained mutation: You have a somewhat thin skeletal
                  | structure. (Dex +2, Stealth) [demonic ancestry]
   205 | D:1      | Reached XP level 2. HP: 23/23 MP: 2/2
   497 | D:2      | Noticed Robin
   522 | D:2      | Gained mutation: You have a moderately thin skeletal
                  | structure. (Dex +4, Stealth+) [demonic ancestry]
   522 | D:2      | Reached XP level 3. HP: 28/28 MP: 3/3
   538 | D:2      | Killed Robin
   538 | D:2      | Reached skill level 1 in Armour
  1022 | D:2      | Reached XP level 4. HP: 35/35 MP: 4/4
  1130 | D:3      | Found a stormy altar of Qazlal.
  1426 | D:3      | Noticed Sigmund
  1446 | D:3      | Gained mutation: Your system is resistant to poisons.
                  | (rPois) [potion of mutation]
  1446 | D:3      | Gained mutation: You passively map a small area around you.
                  | [potion of mutation]
  1446 | D:3      | Slain by Sigmund

Skill      XL: |  1  2  3 |
---------------+----------+-----
Dodging        | 3 |  3.2
Long Blades    | 3 |  3.3
Armour         | 1 |  1.6
Fighting       | 3 |  3.5
Throwing       | |  1.7

Action                   |  1- 3 |  4- 6 || total
-------------------------+-------+-------++-------
Melee: Long sword        |   122 |    68 ||   190
  Use: Potion            |     1 |     2 ||     3
  Eat: Chunk             |       |     2 ||     2
Armor: Chain mail        |    46 |    31 ||    77
       Leather armour    |     1 |       ||     1
       Ring mail         |     1 |       ||     1
       Skin              |    52 |       ||    52
Dodge: Dodged            |    52 |    24 ||    76
Block: Other             |    43 |    12 ||    55
       Reflection        |     1 |     1 ||     2
       Rpst.: Long sword |    14 |     7 ||    21
